Thunderbirds vs Phantoms

Created - January 19, 2025 at 19:13

Goals
1 2 3 T
Thunderbirds 0 1 0 1
Phantoms 1 2 2 5
Shots
1 2 3 T
Thunderbirds 9 8 15 32
Phantoms 12 7 21 40

1st period

1. Phantoms , Nick Sorensen 8 (David Kampf 9, Rinat Valiev 12) at 16:51

Penalties :
Nick Sorensen (Leh) for Hooking (Minor) at 1:00, Rasmus Kupari (Spr) for Slashing (Minor) at 12:35

2nd period

2. Phantoms , David Kampf 10 (A.J. Greer 4, Riley Stillman 5) at 9:26
3. Thunderbirds , Joachim Blichfeld 29 (Rasmus Kupari 6) at 9:30
4. Phantoms , Morgan Klimchuk 3 (Cristoval Nieves 15, Blake Heinrich 18) at 15:16

Penalties :
Morgan Klimchuk (Leh) for Cross-checking (Minor) at 2:18, Morgan Klimchuk (Leh) for High sticking (Minor) at 13:07

3rd period

5. Phantoms , Rem Pitlick 9 (Cristoval Nieves 16, J.T. Brown 8) at 10:56
6. Phantoms , Lucas Wallmarkk 22 (Joe Snively 34) at 12:24 (PP)

Penalties :
Lucas Wallmarkk (Leh) for High sticking (Minor) at 5:13, Trey Fix-Wolansky (Spr) for Holding (Minor) at 8:05, Anthony Richard (Spr) for Holding (Minor) at 12:08, Kevin Lankinen (Leh) for Slashing (Minor) at 18:01 - Riley Stillman served the penalty

Goalie Stats

Emil Larmi (Spr), 35 saves from 40 shots - (0.875), L, 13-11-1, 60:00 minutes
Kevin Lankinen (Leh), 31 saves from 32 shots - (0.969), W, 3-1-0, 60:00 minutes

Players Stats for Thunderbirds

Player Name              G  A  P  +/- PIM S  H  SB GA TA FO     MP     PP MP  PK MP  
------------------------------------------------------------------------------------
Anthony Richard          0  0  0   0  2   4  4  0  0  0  6/13   18:11   3:49   1:21 
Artturi Lehkonen         0  0  0  -1  0   1  0  0  1  1  0/0    11:40   2:00   0:00 
Dylan Blujus             0  0  0   0  0   1  0  1  0  0  0/0    19:33   0:29   1:30 
Dylan Sikura             0  0  0   0  0   2  0  0  1  0  3/3    16:55   0:03   1:21 
Emil Bemstrom            0  0  0  -1  0   1  1  0  0  0  1/2    13:36   4:09   0:00 
Frederic Allard          0  0  0   0  0   0  1  0  0  1  0/0    11:16   0:00   1:30 
Henri Jokiharju          0  0  0  -3  0   2  2  3  0  3  0/0    26:50   4:04   2:44 
Jeremy Lauzon            0  0  0  -2  0   4  1  5  2  1  0/0    29:32   5:21   2:44 
Joachim Blichfeld        1  0  1  -1  0   5  3  0  0  0  1/3    23:02   5:28   0:00 
Matt Roy                 0  0  0  -1  0   1  4  2  0  0  0/0    18:43   4:04   0:00 
Michael Rasmussen        0  0  0   0  0   1  2  1  0  0  0/1    18:05   5:06   0:00 
Paul Cotter              0  0  0  -1  0   0  0  0  0  0  0/0     5:32   0:00   0:00 
Pierre Engvall           0  0  0  -1  0   4  2  1  0  0  1/3    24:49   4:26   2:53 
Rasmus Kupari            0  1  1  -2  2   4  0  1  0  0  8/28   18:58   0:00   0:00 
Rourke Chartier          0  0  0   0  0   0  0  1  0  0  2/2     1:35   1:02   0:00 
Sami Niku                0  0  0   0  0   1  2  0  1  0  0/0    14:06   5:50   0:00 
Trent Frederic           0  0  0  -1  0   1  3  1  0  0  8/16   16:26   3:39   2:53 
Trey Fix-Wolansky        0  0  0  -1  2   0  1  0  0  0  0/2     6:54   0:00   0:00 

Players Stats for Phantoms

Player Name              G  A  P  +/- PIM S  H  SB GA TA FO     MP     PP MP  PK MP  
------------------------------------------------------------------------------------
A.J. Greer               0  1  1   2  0   0  0  0  0  0  0/0    12:15   0:00   2:39 
Andrey Pedan             0  0  0   0  0   1  1  0  0  0  0/0    20:39   1:20   3:45 
Blake Heinrich           0  1  1   1  0   4  0  2  0  0  0/0    28:27   2:54   6:26 
Brett Murray             0  0  0   0  0   1  0  0  0  0  0/0     7:05   0:00   0:00 
Cristoval Nieves         0  2  2   2  0   3  3  1  2  0  8/14   18:38   1:22   3:54 
David Kampf              1  1  2   2  0   3  0  2  0  0  2/5     9:36   0:00   0:00 
J.T. Brown               0  1  1   1  0   2  1  2  0  0  1/1    15:53   1:22   1:36 
Joe Snively              0  1  1   0  0   4  1  0  1  1  0/1    20:03   2:52   0:55 
Laurent Dauphin          0  0  0   0  0   5  1  0  1  0  5/6     7:05   0:00   0:00 
Lucas Wallmarkk          1  0  1  -1  2   6  2  0  0  1  23/38  22:50   2:52   4:03 
Matt Kiersted            0  0  0   2  0   0  1  1  1  2  0/0    14:03   0:00   3:28 
Mikko Lehtonen           0  0  0   1  0   2  1  0  1  0  0/0    22:31   2:54   0:14 
Morgan Klimchuk          1  0  1   0  4   4  3  1  0  0  3/5    22:23   2:52   3:17 
Nick Sorensen            1  0  1   2  2   1  3  0  0  0  0/0     9:42   0:00   0:00 
Oliver Wahlstrom         0  0  0   0  0   0  0  0  0  0  0/0     7:05   0:00   0:00 
Rem Pitlick              1  0  1   1  0   2  2  0  0  0  1/3    17:27   1:22   3:24 
Riley Stillman           0  1  1   2  0   2  0  0  0  0  0/0    10:35   0:00   0:00 
Rinat Valiev             0  1  1   0  0   0  0  2  0  1  0/0    23:45   1:20   5:55 

3 Stars

1 - Kevin Lankinen (Leh)
2 - David Kampf (Leh)
3 - Cristoval Nieves (Leh)

Power Play

Thunderbirds - 0 on 5 Attempt(s) - 0.00%
Phantoms - 1 on 3 Attempt(s) - 33.33%

Penalty Kill

Thunderbirds - 2 on 3 Attempt(s) - 66.67% - Score 0 goal in Penalty Kill
Phantoms - 5 on 5 Attempt(s) - 100.00% - Score 0 goal in Penalty Kill

Team Stat

Thunderbirds - Hits : 26 - Faceoff Wins : 30 - Blocked Shots : 16 - Penalty Minutes : 6
Phantoms - Hits : 19 - Faceoff Wins : 43 - Blocked Shots : 11 - Penalty Minutes : 10

Official

Referees : Graham Skilliter and Ian Walsh
Linesman : Tyson Baker and Steve Miller

Game Notes

Rourke Chartier is injured at 4:16 of 1st period (Strained Right Knee)

Finance

Level 1 -- Attendance: 1741 (87.05%) -- Ticket Income $121,870
Level 2 -- Attendance: 845 (84.50%) -- Ticket Income $33,800
Total Attendance: 2586 (86.20%)
Total Ticket Income: $155,670
Other Income: $7,784
Total Income: $163,454

Thunderbirds

5 vs 5 Forward 
   Center                   Left Wing                Right Wing               Time % Phy DF OF 
 1 Rourke Chartier          Pierre Engvall           Joachim Blichfeld        40     1   2  2  
 2 Anthony Richard          Michael Rasmussen        Dylan Sikura             30     1   2  2  
 3 Trent Frederic           Artturi Lehkonen         Emil Bemstrom            20     1   2  2  
 4 Rasmus Kupari            Paul Cotter              Trey Fix-Wolansky        10     1   2  2  

5 vs 5 Defense 
   Defense                  Defense                                           Time % Phy DF OF 
 1 Jeremy Lauzon            Henri Jokiharju                                   40     1   2  2  
 2 Dylan Blujus             Matt Roy                                          30     1   2  2  
 3 Frederic Allard          Sami Niku                                         20     1   2  2  
 4 Jeremy Lauzon            Dylan Blujus                                      10     1   2  2  

PowerPlay Forward 
   Center                   Left Wing                Right Wing               Time % Phy DF OF 
 1 Rourke Chartier          Michael Rasmussen        Joachim Blichfeld        60     1   2  2  
 2 Anthony Richard          Pierre Engvall           Emil Bemstrom            40     1   2  2  

PowerPlay Defense
   Defense                  Defense                                           Time % Phy DF OF 
 1 Sami Niku                Jeremy Lauzon                                     60     1   2  2  
 2 Matt Roy                 Henri Jokiharju                                   40     1   2  2  

Penalty Kill 4 Players Forward 
   Center                   Wing                     Time % Phy DF OF 
 1 Trent Frederic           Pierre Engvall           60     1   2  2  
 2 Anthony Richard          Dylan Sikura             40     1   2  2  

Penalty Kill 4 Players Defense
   Defense                  Defense                  Time % Phy DF OF 
 1 Henri Jokiharju          Jeremy Lauzon            60     1   2  2  
 2 Dylan Blujus             Frederic Allard          40     1   2  2  

Penalty Kill - 3 Players Forward 
   Forward                                           Time % Phy DF OF 
 1 Trent Frederic                                    60     1   2  2  
 2 Anthony Richard                                   40     1   2  2  

Penalty Kill - 3 Players Defense
   Defense                  Defense                  Time % Phy DF OF 
 1 Dylan Blujus             Henri Jokiharju          60     1   2  2  
 2 Jeremy Lauzon            Frederic Allard          40     1   2  2  

4 vs 4 Forward 
   Center                   Wing                     Time % Phy DF OF 
 1 Rourke Chartier          Michael Rasmussen        60     1   2  2  
 2 Anthony Richard          Pierre Engvall           40     1   2  2  

4 vs 4 Defense
   Defense                  Defense                  Time % Phy DF OF 
 1 Henri Jokiharju          Dylan Blujus             60     1   2  2  
 2 Matt Roy                 Jeremy Lauzon            40     1   2  2  

Last Minutes Offensive
   Center                   Left Wing                Right Wing               Defense                  Defense                  
   Rourke Chartier          Pierre Engvall           Joachim Blichfeld        Jeremy Lauzon            Sami Niku                

Last Minutes Defensive
   Center                   Left Wing                Right Wing               Defense                  Defense                  
   Trent Frederic           Artturi Lehkonen         Pierre Engvall           Henri Jokiharju          Frederic Allard          

Goaltenders
Starting : Emil Larmi               
Backup : Magnus Hellberg          

Extra Forwards
Normal : Rasmus Kupari, Dylan Sikura, Trey Fix-Wolansky - PP : Trent Frederic, Artturi Lehkonen - PK : Trey Fix-Wolansky
Extra Defensemen
Normal : Frederic Allard, Sami Niku, Jeremy Lauzon - PP : Sami Niku - PK : Frederic Allard, Dylan Blujus
Penalty Shots
Rourke Chartier, Anthony Richard, Joachim Blichfeld, Trey Fix-Wolansky, Rasmus Kupari
Custom OT Lines Forwards
Rourke Chartier, Pierre Engvall, Dylan Sikura, Joachim Blichfeld, Anthony Richard, Trent Frederic, Artturi Lehkonen, Michael Rasmussen, Emil Bemstrom, Paul Cotter
Custom OT Lines Defensemen
Jeremy Lauzon, Henri Jokiharju, Dylan Blujus, Frederic Allard, Matt Roy

Scratches
Nathan Smith (Healthy), Calen Addison (Healthy), Alex Vlasic (Healthy), Rafael Harvey-Pinard (Healthy), Nicholas Robertson (Healthy)
Arturs Silovs (Healthy)

Phantoms

5 vs 5 Forward 
   Center                   Left Wing                Right Wing               Time % Phy DF OF 
 1 Lucas Wallmarkk          Joe Snively              Morgan Klimchuk          42     1   1  3  
 2 Cristoval Nieves         J.T. Brown               Rem Pitlick              33     1   1  3  
 3 David Kampf              Nick Sorensen            A.J. Greer               20     1   3  1  
 4 Laurent Dauphin          Brett Murray             Oliver Wahlstrom         5      1   3  1  

5 vs 5 Defense 
   Defense                  Defense                                           Time % Phy DF OF 
 1 Blake Heinrich           Mikko Lehtonen                                    45     0   2  3  
 2 Andrey Pedan             Rinat Valiev                                      35     0   2  3  
 3 Riley Stillman           Matt Kiersted                                     20     1   3  1  
 4 Riley Stillman           Matt Kiersted                                     0      1   3  1  

PowerPlay Forward 
   Center                   Left Wing                Right Wing               Time % Phy DF OF 
 1 Lucas Wallmarkk          Joe Snively              Morgan Klimchuk          60     0   1  4  
 2 Cristoval Nieves         J.T. Brown               Rem Pitlick              40     0   1  4  

PowerPlay Defense
   Defense                  Defense                                           Time % Phy DF OF 
 1 Blake Heinrich           Mikko Lehtonen                                    60     0   1  4  
 2 Andrey Pedan             Rinat Valiev                                      40     0   1  4  

Penalty Kill 4 Players Forward 
   Center                   Wing                     Time % Phy DF OF 
 1 Lucas Wallmarkk          Morgan Klimchuk          60     1   4  0  
 2 Cristoval Nieves         J.T. Brown               40     1   4  0  

Penalty Kill 4 Players Defense
   Defense                  Defense                  Time % Phy DF OF 
 1 Blake Heinrich           Rinat Valiev             60     1   4  0  
 2 Andrey Pedan             Matt Kiersted            40     1   4  0  

Penalty Kill - 3 Players Forward 
   Forward                                           Time % Phy DF OF 
 1 Lucas Wallmarkk                                   60     1   4  0  
 2 J.T. Brown                                        40     1   4  0  

Penalty Kill - 3 Players Defense
   Defense                  Defense                  Time % Phy DF OF 
 1 Blake Heinrich           Rinat Valiev             60     1   4  0  
 2 Andrey Pedan             Matt Kiersted            40     1   4  0  

4 vs 4 Forward 
   Center                   Wing                     Time % Phy DF OF 
 1 Lucas Wallmarkk          Nick Sorensen            60     1   2  2  
 2 Cristoval Nieves         Morgan Klimchuk          40     1   2  2  

4 vs 4 Defense
   Defense                  Defense                  Time % Phy DF OF 
 1 Blake Heinrich           Mikko Lehtonen           60     1   2  2  
 2 Andrey Pedan             Rinat Valiev             40     1   2  2  

Last Minutes Offensive
   Center                   Left Wing                Right Wing               Defense                  Defense                  
   Lucas Wallmarkk          Joe Snively              Morgan Klimchuk          Blake Heinrich           Mikko Lehtonen           

Last Minutes Defensive
   Center                   Left Wing                Right Wing               Defense                  Defense                  
   Lucas Wallmarkk          J.T. Brown               Morgan Klimchuk          Blake Heinrich           Rinat Valiev             

Goaltenders
Starting : Kevin Lankinen           
Backup : Zachary Fucale           

Extra Forwards
Normal : Cristoval Nieves, J.T. Brown, Nick Sorensen - PP : Morgan Klimchuk, Rem Pitlick - PK : Rem Pitlick
Extra Defensemen
Normal : Blake Heinrich, Rinat Valiev, Andrey Pedan - PP : Mikko Lehtonen - PK : Blake Heinrich, Rinat Valiev
Penalty Shots
Rem Pitlick, Nick Sorensen, Morgan Klimchuk, Joe Snively, Cristoval Nieves
Custom OT Lines Forwards
Morgan Klimchuk, Joe Snively, Lucas Wallmarkk, J.T. Brown, Cristoval Nieves, Rem Pitlick, Nick Sorensen, David Kampf, Oliver Wahlstrom, A.J. Greer
Custom OT Lines Defensemen
Blake Heinrich, Mikko Lehtonen, Andrey Pedan, Rinat Valiev, Matt Kiersted

Scratches
Anthony Angello (Healthy), Benoit-Olivier Groulx (Healthy), Cooper Marody (Healthy), Ty Smith (Healthy), Victor Berglund (Healthy)
Fabian Zetterlund (Healthy), Sven Andrighetto (Right Hip Injury), David Gustafsson (Healthy), Josiah Slavin (Healthy), Cam York (Healthy)
Kaedan Korczak (Healthy), Danil Zhuravlyov (Healthy), Alex Beaucage (Healthy), Arsen Khisamutdinov (Healthy), Jacob Ingham (Healthy)
Zachary Sawchenko (Healthy)

% Time on Ice - Thunderbirds

Lines # - Real PCT - Wanted PCT - Time Play
Normal Forward
1 - 39% - 40% - 17:42
2 - 28% - 30% - 13:00
3 - 21% - 20% - 9:38
4 - 12% - 10% - 5:32
Normal Defense
1 - 44% - 40% - 20:01
2 - 31% - 30% - 14:06
3 - 21% - 20% - 9:46
4 - 4% - 10% - 1:59
PP Forward
1 - 63% - 60% - 6:13
2 - 37% - 40% - 3:41
PP Defense
1 - 59% - 60% - 5:50
2 - 41% - 40% - 4:04
PK Forward
1 - 68% - 60% - 2:53
2 - 32% - 40% - 1:21
PK Defense
1 - 65% - 60% - 2:44
2 - 35% - 40% - 1:30
PK3 Forward
1 - 0% - 60%
2 - 0% - 40%
PK3 Defense
1 - 0% - 60%
2 - 0% - 40%
44 Forward
1 - 0% - 60%
2 - 0% - 40%
44 Defense
1 - 0% - 60%
2 - 0% - 40%
Last Minute Offensive  - 0:00
Last Minute Defensive  - 0:00
Total
Forward - 60:00
Defense - 60:00

% Time on Ice - Phantoms

Lines # - Real PCT - Wanted PCT - Time Play
Normal Forward
1 - 35% - 42% - 16:16
2 - 28% - 33% - 12:55
3 - 21% - 20% - 9:36
4 - 15% - 5% - 7:05
Normal Defense
1 - 44% - 45% - 20:04
2 - 33% - 35% - 15:13
3 - 23% - 20% - 10:35
4 - 0% - 0% - 0:00
PP Forward
1 - 68% - 60% - 2:52
2 - 32% - 40% - 1:22
PP Defense
1 - 69% - 60% - 2:54
2 - 31% - 40% - 1:20
PK Forward
1 - 84% - 60% - 8:18
2 - 16% - 40% - 1:36
PK Defense
1 - 65% - 60% - 6:26
2 - 35% - 40% - 3:28
PK3 Forward
1 - 0% - 60%
2 - 0% - 40%
PK3 Defense
1 - 0% - 60%
2 - 0% - 40%
44 Forward
1 - 0% - 60%
2 - 0% - 40%
44 Defense
1 - 0% - 60%
2 - 0% - 40%
Last Minute Offensive  - 0:00
Last Minute Defensive  - 0:00
Total
Forward - 60:00
Defense - 60:00

Play-by-Play

1st period


0:01 of 1st period - Rourke Chartier wins face-off versus Joe Snively in neutral zone.
0:16 of 1st period - Snap shot by Joachim Blichfeld.
0:16 of 1st period - Deflect By Lucas Wallmarkk.
0:16 of 1st period - Stopped by Kevin Lankinen without a rebound.
0:17 of 1st period - Cristoval Nieves wins face-off versus Anthony Richard in Phantoms zone.
1:00 of 1st period - Minor Penalty to Nick Sorensen for Hooking.
1:01 of 1st period - Rourke Chartier wins face-off versus Morgan Klimchuk in Phantoms zone.
1:27 of 1st period - Pierre Engvall is hit by Cristoval Nieves.
1:55 of 1st period - Andrey Pedan is hit by Joachim Blichfeld and loses puck.
3:00 of 1st period - Penalty to Nick Sorensen is over, Nick Sorensen is back on ice.
3:52 of 1st period - Frederic Allard is hit by Morgan Klimchuk.
4:16 of 1st period - Wrist shot by Oliver Wahlstrom.
4:16 of 1st period - Shot Blocked by Rourke Chartier.
4:16 of 1st period - Rourke Chartier from Thunderbirds is injured at 4:16 of 1st period (Strained Right Knee).
4:17 of 1st period - Morgan Klimchuk wins face-off versus Rasmus Kupari in Thunderbirds zone.
4:26 of 1st period - Slapshot by Lucas Wallmarkk.
4:26 of 1st period - Stopped by Emil Larmi without a rebound.
4:27 of 1st period - Lucas Wallmarkk wins face-off versus Rasmus Kupari in Thunderbirds zone.
4:44 of 1st period - Backhand shot by Pierre Engvall.
4:44 of 1st period - Stopped by Kevin Lankinen without a rebound.
4:45 of 1st period - Anthony Richard wins face-off versus Cristoval Nieves in Phantoms zone.
4:46 of 1st period - Slapshot by Jeremy Lauzon.
4:46 of 1st period - Stopped by Kevin Lankinen without a rebound.
4:47 of 1st period - Dylan Sikura wins face-off versus Cristoval Nieves in Phantoms zone.
4:54 of 1st period - Snap shot by Dylan Sikura.
4:54 of 1st period - Shot Misses the Net.
5:23 of 1st period - Snap shot by Pierre Engvall.
5:23 of 1st period - Stopped by Kevin Lankinen with a rebound.
5:41 of 1st period - Slapshot by Rinat Valiev.
5:41 of 1st period - Deflect By David Kampf.
5:41 of 1st period - Stopped by Emil Larmi without a rebound.
5:42 of 1st period - Emil Bemstrom wins face-off versus David Kampf in Thunderbirds zone.
7:09 of 1st period - Backhand shot by Emil Bemstrom.
7:09 of 1st period - Shot Blocked by Blake Heinrich.
7:11 of 1st period - Snap shot by Emil Bemstrom.
7:11 of 1st period - Shot Misses the Net.
8:52 of 1st period - Icing by Riley Stillman.
8:53 of 1st period - Cristoval Nieves wins face-off versus Pierre Engvall in Phantoms zone.
9:00 of 1st period - Snap shot by Rem Pitlick.
9:00 of 1st period - Shot Blocked by Henri Jokiharju.
9:42 of 1st period - Snap shot by Michael Rasmussen.
9:42 of 1st period - Shot Misses the Net.
11:03 of 1st period - Icing by Matt Kiersted.
11:04 of 1st period - David Kampf wins face-off versus Trey Fix-Wolansky in Phantoms zone.
11:18 of 1st period - Icing by Joachim Blichfeld.
11:19 of 1st period - Lucas Wallmarkk wins face-off versus Trey Fix-Wolansky in Thunderbirds zone.
11:28 of 1st period - Wrist shot by Lucas Wallmarkk.
11:28 of 1st period - Stopped by Emil Larmi with a rebound.
11:30 of 1st period - Snap shot by Lucas Wallmarkk.
11:30 of 1st period - Deflect By Joe Snively.
11:30 of 1st period - Stopped by Emil Larmi without a rebound.
11:31 of 1st period - Anthony Richard wins face-off versus Lucas Wallmarkk in Thunderbirds zone.
11:36 of 1st period - Wrist shot by Anthony Richard.
11:36 of 1st period - Shot Misses the Net.
11:42 of 1st period - Slapshot by Joe Snively.
11:42 of 1st period - Stopped by Emil Larmi with a rebound.
11:44 of 1st period - Slapshot by Blake Heinrich.
11:44 of 1st period - Stopped by Emil Larmi with a rebound.
12:06 of 1st period - Wrist shot by Anthony Richard.
12:06 of 1st period - Deflect By Dylan Sikura.
12:06 of 1st period - Shot Blocked by Matt Kiersted.
12:06 of 1st period - Puck is out of play.
12:07 of 1st period - Cristoval Nieves wins face-off versus Rasmus Kupari in Phantoms zone.
12:07 of 1st period - Cristoval Nieves is hit by Joachim Blichfeld.
12:35 of 1st period - Minor Penalty to Rasmus Kupari for Slashing.
12:36 of 1st period - Trent Frederic wins face-off versus Lucas Wallmarkk in Thunderbirds zone.
12:41 of 1st period - Blake Heinrich is hit by Henri Jokiharju and loses puck.
12:46 of 1st period - Snap shot by Pierre Engvall.
12:46 of 1st period - Stopped by Kevin Lankinen with a rebound.
12:48 of 1st period - Snap shot by Jeremy Lauzon.
12:48 of 1st period - Stopped by Kevin Lankinen without a rebound.
12:49 of 1st period - Trent Frederic wins face-off versus Lucas Wallmarkk in Phantoms zone.
12:59 of 1st period - Snap shot by Blake Heinrich.
12:59 of 1st period - Shot Misses the Net.
13:22 of 1st period - Snap shot by Rem Pitlick.
13:22 of 1st period - Shot Misses the Net.
13:24 of 1st period - Wrist shot by J.T. Brown.
13:24 of 1st period - Shot Blocked by Henri Jokiharju.
13:26 of 1st period - Wrist shot by J.T. Brown.
13:26 of 1st period - Stopped by Emil Larmi without a rebound.
13:27 of 1st period - Lucas Wallmarkk wins face-off versus Anthony Richard in Thunderbirds zone.
13:36 of 1st period - Snap shot by Morgan Klimchuk.
13:36 of 1st period - Stopped by Emil Larmi without a rebound.
13:37 of 1st period - Trent Frederic wins face-off versus Lucas Wallmarkk in Thunderbirds zone.
13:48 of 1st period - Slapshot by Rinat Valiev.
13:48 of 1st period - Deflect By Morgan Klimchuk.
13:48 of 1st period - Shot Blocked by Dylan Blujus.
13:48 of 1st period - Puck is out of play.
13:49 of 1st period - Lucas Wallmarkk wins face-off versus Trent Frederic in Thunderbirds zone.
14:00 of 1st period - Wrist shot by Joe Snively.
14:00 of 1st period - Shot Misses the Net.
14:02 of 1st period - Slapshot by Blake Heinrich.
14:02 of 1st period - Deflect By Trent Frederic.
14:02 of 1st period - Stopped by Emil Larmi with a rebound.
14:04 of 1st period - Wrist shot by Morgan Klimchuk.
14:04 of 1st period - Shot Misses the Net.
14:06 of 1st period - Wrist shot by Joe Snively.
14:06 of 1st period - Shot Blocked by Pierre Engvall.
14:35 of 1st period - Penalty to Rasmus Kupari is over, Rasmus Kupari is back on ice.
14:36 of 1st period - Jeremy Lauzon is hit by Andrey Pedan and loses puck.
14:50 of 1st period - Icing by Rinat Valiev.
14:51 of 1st period - Rasmus Kupari wins face-off versus David Kampf in Phantoms zone.
15:02 of 1st period - Slapshot by Trey Fix-Wolansky.
15:02 of 1st period - Deflect By Rasmus Kupari.
15:02 of 1st period - Shot Blocked by Rinat Valiev.
15:02 of 1st period - Puck is out of play.
15:03 of 1st period - Lucas Wallmarkk wins face-off versus Rasmus Kupari in Phantoms zone.
15:03 of 1st period - Lucas Wallmarkk is hit by Matt Roy.
15:15 of 1st period - Wrist shot by Lucas Wallmarkk.
15:15 of 1st period - Stopped by Emil Larmi with a rebound.
15:17 of 1st period - Backhand shot by Blake Heinrich.
15:17 of 1st period - Stopped by Emil Larmi with a rebound.
15:19 of 1st period - Slapshot by Mikko Lehtonen.
15:19 of 1st period - Shot Misses the Net.
15:29 of 1st period - Dylan Blujus is hit by Mikko Lehtonen and loses puck.
15:39 of 1st period - Icing by Matt Roy.
15:40 of 1st period - Lucas Wallmarkk wins face-off versus Anthony Richard in Thunderbirds zone.
15:51 of 1st period - Snap shot by Anthony Richard.
15:51 of 1st period - Shot Misses the Net.
15:53 of 1st period - Slapshot by Dylan Sikura.
15:53 of 1st period - Stopped by Kevin Lankinen with a rebound.
15:55 of 1st period - Snap shot by Anthony Richard.
15:55 of 1st period - Stopped by Kevin Lankinen without a rebound.
15:56 of 1st period - Cristoval Nieves wins face-off versus Rasmus Kupari in Phantoms zone.
16:41 of 1st period - Wrist shot by Dylan Sikura.
16:41 of 1st period - Stopped by Kevin Lankinen with a rebound.
16:51 of 1st period - Snap shot by Nick Sorensen.
16:51 of 1st period - Goal by Nick Sorensen - Thunderbirds : 0 - Phantoms : 1.
16:52 of 1st period - Lucas Wallmarkk wins face-off versus Rasmus Kupari in neutral zone.
17:19 of 1st period - Dylan Blujus is hit by Rem Pitlick and loses puck.
18:06 of 1st period - Snap shot by Joe Snively.
18:06 of 1st period - Shot Blocked by Jeremy Lauzon.
18:10 of 1st period - Snap shot by Joe Snively.
18:10 of 1st period - Shot Misses the Net.
18:12 of 1st period - Slapshot by Matt Kiersted.
18:12 of 1st period - Shot Misses the Net.
18:44 of 1st period - Snap shot by Emil Bemstrom.
18:44 of 1st period - Shot Misses the Net.
18:46 of 1st period - Slapshot by Jeremy Lauzon.
18:46 of 1st period - Shot Misses the Net.
Goals for this period are 0 for Thunderbirds vs 1 for Phantoms.
Shots for this period are 9 for Thunderbirds vs 12 for Phantoms.

2nd period


0:01 of 2nd period - Lucas Wallmarkk wins face-off versus Rasmus Kupari in neutral zone.
0:06 of 2nd period - Snap shot by Joe Snively.
0:06 of 2nd period - Stopped by Emil Larmi without a rebound.
0:07 of 2nd period - Morgan Klimchuk wins face-off versus Rasmus Kupari in Thunderbirds zone.
0:10 of 2nd period - Snap shot by Joe Snively.
0:10 of 2nd period - Shot Blocked by Jeremy Lauzon.
0:16 of 2nd period - Slapshot by Jeremy Lauzon.
0:16 of 2nd period - Stopped by Kevin Lankinen with a rebound.
0:20 of 2nd period - Slapshot by Rasmus Kupari.
0:20 of 2nd period - Shot Hit the Post.
0:22 of 2nd period - Snap shot by Rasmus Kupari.
0:22 of 2nd period - Stopped by Kevin Lankinen without a rebound.
0:23 of 2nd period - Anthony Richard wins face-off versus Cristoval Nieves in Phantoms zone.
0:35 of 2nd period - Off-side.
0:36 of 2nd period - Lucas Wallmarkk wins face-off versus Rasmus Kupari in neutral zone.
0:40 of 2nd period - Icing by Joachim Blichfeld.
0:41 of 2nd period - Rasmus Kupari wins face-off versus Lucas Wallmarkk in Thunderbirds zone.
0:41 of 2nd period - Rasmus Kupari is hit by Morgan Klimchuk.
1:14 of 2nd period - Slapshot by Andrey Pedan.
1:14 of 2nd period - Shot Blocked by Michael Rasmussen.
1:26 of 2nd period - Snap shot by Jeremy Lauzon.
1:26 of 2nd period - Shot Blocked by David Kampf.
1:28 of 2nd period - Snap shot by Trent Frederic.
1:28 of 2nd period - Stopped by Kevin Lankinen without a rebound.
1:29 of 2nd period - Trent Frederic wins face-off versus David Kampf in Phantoms zone.
1:34 of 2nd period - Wrist shot by Emil Bemstrom.
1:34 of 2nd period - Deflect By Trent Frederic.
1:34 of 2nd period - Shot Misses the Net.
1:34 of 2nd period - Puck is out of play.
1:35 of 2nd period - Rasmus Kupari wins face-off versus Lucas Wallmarkk in Phantoms zone.
2:05 of 2nd period - Icing by Cristoval Nieves.
2:06 of 2nd period - Anthony Richard wins face-off versus Cristoval Nieves in Phantoms zone.
2:13 of 2nd period - Snap shot by Anthony Richard.
2:13 of 2nd period - Stopped by Kevin Lankinen without a rebound.
2:14 of 2nd period - Pierre Engvall wins face-off versus Lucas Wallmarkk in Phantoms zone.
2:18 of 2nd period - Minor Penalty to Morgan Klimchuk for Cross-checking.
2:19 of 2nd period - Lucas Wallmarkk wins face-off versus Trent Frederic in Phantoms zone.
2:19 of 2nd period - Lucas Wallmarkk is hit by Trent Frederic.
3:22 of 2nd period - Andrey Pedan is hit by Michael Rasmussen and loses puck.
3:54 of 2nd period - Rinat Valiev is hit by Sami Niku.
4:18 of 2nd period - Penalty to Morgan Klimchuk is over, Morgan Klimchuk is back on ice.
4:32 of 2nd period - Snap shot by Rasmus Kupari.
4:32 of 2nd period - Stopped by Kevin Lankinen with a rebound.
4:34 of 2nd period - Wrist shot by Frederic Allard.
4:34 of 2nd period - Deflect By Rasmus Kupari.
4:34 of 2nd period - Shot Blocked by Cristoval Nieves.
4:34 of 2nd period - Puck is out of play.
4:35 of 2nd period - Laurent Dauphin wins face-off versus Rasmus Kupari in Phantoms zone.
5:00 of 2nd period - Dylan Blujus is hit by Matt Kiersted and loses puck.
5:18 of 2nd period - Lucas Wallmarkk is hit by Trent Frederic and loses puck.
5:41 of 2nd period - Cristoval Nieves is hit by Pierre Engvall and loses puck.
5:54 of 2nd period - Slapshot by Mikko Lehtonen.
5:54 of 2nd period - Deflect By Laurent Dauphin.
5:54 of 2nd period - Shot Blocked by Trent Frederic.
5:54 of 2nd period - Puck is out of play.
5:55 of 2nd period - Laurent Dauphin wins face-off versus Trent Frederic in Thunderbirds zone.
6:00 of 2nd period - Slapshot by Brett Murray.
6:00 of 2nd period - Stopped by Emil Larmi without a rebound.
6:01 of 2nd period - Rasmus Kupari wins face-off versus Laurent Dauphin in Thunderbirds zone.
6:06 of 2nd period - Joachim Blichfeld is hit by Laurent Dauphin and loses puck.
6:11 of 2nd period - Snap shot by Laurent Dauphin.
6:11 of 2nd period - Stopped by Emil Larmi without a rebound.
6:12 of 2nd period - Lucas Wallmarkk wins face-off versus Rasmus Kupari in Thunderbirds zone.
6:29 of 2nd period - Snap shot by Joe Snively.
6:29 of 2nd period - Shot Blocked by Jeremy Lauzon.
7:41 of 2nd period - Icing by Riley Stillman.
7:42 of 2nd period - Laurent Dauphin wins face-off versus Michael Rasmussen in Phantoms zone.
7:42 of 2nd period - Laurent Dauphin is hit by Anthony Richard.
7:55 of 2nd period - Off-side.
7:56 of 2nd period - Morgan Klimchuk wins face-off versus Rasmus Kupari in neutral zone.
8:17 of 2nd period - Joachim Blichfeld is hit by Lucas Wallmarkk and loses puck.
8:30 of 2nd period - Slapshot by Matt Roy.
8:30 of 2nd period - Stopped by Kevin Lankinen without a rebound.
8:31 of 2nd period - Cristoval Nieves wins face-off versus Anthony Richard in Phantoms zone.
8:40 of 2nd period - Sami Niku is hit by J.T. Brown.
9:26 of 2nd period - Wrist shot by David Kampf.
9:26 of 2nd period - Goal by David Kampf - Thunderbirds : 0 - Phantoms : 2.
9:27 of 2nd period - Rasmus Kupari wins face-off versus Lucas Wallmarkk in neutral zone.
9:30 of 2nd period - Snap shot by Joachim Blichfeld.
9:30 of 2nd period - Goal by Joachim Blichfeld - Thunderbirds : 1 - Phantoms : 2.
9:31 of 2nd period - Lucas Wallmarkk wins face-off versus Pierre Engvall in neutral zone.
10:04 of 2nd period - Jeremy Lauzon is hit by Rem Pitlick and loses puck.
10:17 of 2nd period - Snap shot by David Kampf.
10:17 of 2nd period - Shot Misses the Net.
10:23 of 2nd period - Wrist shot by A.J. Greer.
10:23 of 2nd period - Shot Misses the Net.
11:52 of 2nd period - Snap shot by David Kampf.
11:52 of 2nd period - Shot Blocked by Henri Jokiharju.
11:54 of 2nd period - Snap shot by A.J. Greer.
11:54 of 2nd period - Shot Blocked by Matt Roy.
12:08 of 2nd period - Andrey Pedan is hit by Matt Roy and loses puck.
12:21 of 2nd period - Snap shot by Emil Bemstrom.
12:21 of 2nd period - Stopped by Kevin Lankinen with a rebound.
12:32 of 2nd period - Rinat Valiev is hit by Emil Bemstrom and loses puck.
12:43 of 2nd period - Rem Pitlick is hit by Sami Niku and loses puck.
13:07 of 2nd period - Minor Penalty to Morgan Klimchuk for High sticking.
13:08 of 2nd period - Rem Pitlick wins face-off versus Joachim Blichfeld in Phantoms zone.
13:23 of 2nd period - Rinat Valiev is hit by Jeremy Lauzon and loses puck.
13:44 of 2nd period - Snap shot by Anthony Richard.
13:44 of 2nd period - Shot Misses the Net.
15:07 of 2nd period - Penalty to Morgan Klimchuk is over, Morgan Klimchuk is back on ice.
15:16 of 2nd period - Slapshot by Cristoval Nieves.
15:16 of 2nd period - Deflect By Morgan Klimchuk.
15:16 of 2nd period - Goal by Morgan Klimchuk - Thunderbirds : 1 - Phantoms : 3.
15:17 of 2nd period - Lucas Wallmarkk wins face-off versus Trent Frederic in neutral zone.
15:20 of 2nd period - Artturi Lehkonen is hit by Morgan Klimchuk and loses puck.
15:31 of 2nd period - Slapshot by Lucas Wallmarkk.
15:31 of 2nd period - Stopped by Emil Larmi with a rebound.
15:41 of 2nd period - A.J. Greer is hit by Pierre Engvall.
15:52 of 2nd period - Icing by Mikko Lehtonen.
15:53 of 2nd period - David Kampf wins face-off versus Anthony Richard in Phantoms zone.
15:53 of 2nd period - David Kampf is hit by Anthony Richard.
18:06 of 2nd period - Dylan Sikura is hit by Nick Sorensen and loses puck.
18:12 of 2nd period - Icing by Frederic Allard.
18:13 of 2nd period - Dylan Sikura wins face-off versus Lucas Wallmarkk in Thunderbirds zone.
18:26 of 2nd period - Dylan Blujus is hit by Cristoval Nieves and loses puck.
18:48 of 2nd period - A.J. Greer is hit by Trey Fix-Wolansky and loses puck.
18:55 of 2nd period - Slapshot by Riley Stillman.
18:55 of 2nd period - Stopped by Emil Larmi with a rebound.
18:57 of 2nd period - Snap shot by Matt Kiersted.
18:57 of 2nd period - Shot Blocked by Rasmus Kupari.
Goals for this period are 1 for Thunderbirds vs 2 for Phantoms.
Shots for this period are 8 for Thunderbirds vs 7 for Phantoms.

3rd period


0:01 of 3rd period - Lucas Wallmarkk wins face-off versus Rasmus Kupari in neutral zone.
0:08 of 3rd period - Wrist shot by Lucas Wallmarkk.
0:08 of 3rd period - Shot Misses the Net.
0:10 of 3rd period - Wrist shot by Joe Snively.
0:10 of 3rd period - Shot Misses the Net.
0:12 of 3rd period - Slapshot by Mikko Lehtonen.
0:12 of 3rd period - Stopped by Emil Larmi without a rebound.
0:13 of 3rd period - Rasmus Kupari wins face-off versus Lucas Wallmarkk in Thunderbirds zone.
0:30 of 3rd period - Wrist shot by Joe Snively.
0:30 of 3rd period - Stopped by Emil Larmi with a rebound.
1:02 of 3rd period - Rinat Valiev is hit by Trent Frederic and loses puck.
1:26 of 3rd period - Wrist shot by Joachim Blichfeld.
1:26 of 3rd period - Stopped by Kevin Lankinen without a rebound.
1:27 of 3rd period - Lucas Wallmarkk wins face-off versus Rasmus Kupari in Phantoms zone.
1:32 of 3rd period - Rasmus Kupari is hit by Lucas Wallmarkk.
1:38 of 3rd period - Lucas Wallmarkk is hit by Joachim Blichfeld and loses puck.
1:45 of 3rd period - Sami Niku is hit by Joe Snively and loses puck.
2:06 of 3rd period - Wrist shot by Dylan Sikura.
2:06 of 3rd period - Shot Blocked by David Kampf.
2:57 of 3rd period - Snap shot by Rasmus Kupari.
2:57 of 3rd period - Shot Blocked by J.T. Brown.
2:59 of 3rd period - Wrist shot by Joachim Blichfeld.
2:59 of 3rd period - Stopped by Kevin Lankinen with a rebound.
3:01 of 3rd period - Slapshot by Henri Jokiharju.
3:01 of 3rd period - Stopped by Kevin Lankinen with a rebound.
3:03 of 3rd period - Slapshot by Henri Jokiharju.
3:03 of 3rd period - Stopped by Kevin Lankinen with a rebound.
3:33 of 3rd period - Backhand shot by Rasmus Kupari.
3:33 of 3rd period - Stopped by Kevin Lankinen without a rebound.
3:34 of 3rd period - Rasmus Kupari wins face-off versus Lucas Wallmarkk in Phantoms zone.
4:03 of 3rd period - Blake Heinrich is hit by Michael Rasmussen and loses puck.
4:24 of 3rd period - Pierre Engvall is hit by Nick Sorensen and loses puck.
4:37 of 3rd period - Snap shot by Matt Roy.
4:37 of 3rd period - Shot Misses the Net.
4:39 of 3rd period - Snap shot by Artturi Lehkonen.
4:39 of 3rd period - Deflect By Trent Frederic.
4:39 of 3rd period - Shot Misses the Net.
4:39 of 3rd period - Puck is out of play.
4:40 of 3rd period - Laurent Dauphin wins face-off versus Rasmus Kupari in Phantoms zone.
4:49 of 3rd period - Wrist shot by Laurent Dauphin.
4:49 of 3rd period - Stopped by Emil Larmi with a rebound.
4:51 of 3rd period - Snap shot by Laurent Dauphin.
4:51 of 3rd period - Stopped by Emil Larmi with a rebound.
5:05 of 3rd period - Rinat Valiev is hit by Anthony Richard and loses puck.
5:13 of 3rd period - Minor Penalty to Lucas Wallmarkk for High sticking.
5:14 of 3rd period - Trent Frederic wins face-off versus Rem Pitlick in Phantoms zone.
5:22 of 3rd period - Snap shot by Jeremy Lauzon.
5:22 of 3rd period - Stopped by Kevin Lankinen with a rebound.
5:26 of 3rd period - Snap shot by Michael Rasmussen.
5:26 of 3rd period - Shot Blocked by Rinat Valiev.
5:28 of 3rd period - Slapshot by Sami Niku.
5:28 of 3rd period - Stopped by Kevin Lankinen with a rebound.
5:30 of 3rd period - Backhand shot by Sami Niku.
5:30 of 3rd period - Deflect By Joachim Blichfeld.
5:30 of 3rd period - Shot Misses the Net.
5:30 of 3rd period - Puck is out of play.
5:31 of 3rd period - Trent Frederic wins face-off versus Rem Pitlick in Phantoms zone.
5:36 of 3rd period - Snap shot by Joachim Blichfeld.
5:36 of 3rd period - Shot Blocked by Blake Heinrich.
5:38 of 3rd period - Wrist shot by Joachim Blichfeld.
5:38 of 3rd period - Shot Misses the Net.
6:15 of 3rd period - Icing by Joachim Blichfeld.
6:16 of 3rd period - Cristoval Nieves wins face-off versus Trent Frederic in Thunderbirds zone.
7:13 of 3rd period - Penalty to Lucas Wallmarkk is over, Lucas Wallmarkk is back on ice.
7:13 of 3rd period - Snap shot by Cristoval Nieves.
7:13 of 3rd period - Shot Misses the Net.
7:27 of 3rd period - Snap shot by Laurent Dauphin.
7:27 of 3rd period - Stopped by Emil Larmi with a rebound.
7:29 of 3rd period - Slapshot by Blake Heinrich.
7:29 of 3rd period - Deflect By Brett Murray.
7:29 of 3rd period - Shot Misses the Net.
7:29 of 3rd period - Puck is out of play.
7:30 of 3rd period - Laurent Dauphin wins face-off versus Rasmus Kupari in Thunderbirds zone.
8:05 of 3rd period - Minor Penalty to Trey Fix-Wolansky for Holding.
8:06 of 3rd period - Lucas Wallmarkk wins face-off versus Trent Frederic in Thunderbirds zone.
8:49 of 3rd period - Slapshot by Blake Heinrich.
8:49 of 3rd period - Stopped by Emil Larmi with a rebound.
8:51 of 3rd period - Snap shot by Morgan Klimchuk.
8:51 of 3rd period - Shot Misses the Net.
8:53 of 3rd period - Wrist shot by Joe Snively.
8:53 of 3rd period - Shot Misses the Net.
8:55 of 3rd period - Slapshot by Mikko Lehtonen.
8:55 of 3rd period - Stopped by Emil Larmi without a rebound.
8:56 of 3rd period - Trent Frederic wins face-off versus Cristoval Nieves in Thunderbirds zone.
9:25 of 3rd period - Off-side.
9:26 of 3rd period - Anthony Richard wins face-off versus Lucas Wallmarkk in neutral zone.
9:31 of 3rd period - Wrist shot by Anthony Richard.
9:31 of 3rd period - Stopped by Kevin Lankinen with a rebound.
10:05 of 3rd period - Penalty to Trey Fix-Wolansky is over, Trey Fix-Wolansky is back on ice.
10:18 of 3rd period - Henri Jokiharju is hit by Nick Sorensen and loses puck.
10:35 of 3rd period - Andrey Pedan is hit by Matt Roy and loses puck.
10:44 of 3rd period - Snap shot by David Kampf.
10:44 of 3rd period - Stopped by Emil Larmi with a rebound.
10:46 of 3rd period - Slapshot by Riley Stillman.
10:46 of 3rd period - Stopped by Emil Larmi without a rebound.
10:47 of 3rd period - J.T. Brown wins face-off versus Rasmus Kupari in Thunderbirds zone.
10:56 of 3rd period - Snap shot by Rem Pitlick.
10:56 of 3rd period - Goal by Rem Pitlick - Thunderbirds : 1 - Phantoms : 4.
10:57 of 3rd period - Lucas Wallmarkk wins face-off versus Rasmus Kupari in neutral zone.
11:08 of 3rd period - Mikko Lehtonen is hit by Henri Jokiharju and loses puck.
11:13 of 3rd period - Snap shot by Pierre Engvall.
11:13 of 3rd period - Stopped by Kevin Lankinen without a rebound.
11:14 of 3rd period - Anthony Richard wins face-off versus Cristoval Nieves in Phantoms zone.
11:27 of 3rd period - Slapshot by Jeremy Lauzon.
11:27 of 3rd period - Shot Blocked by J.T. Brown.
11:29 of 3rd period - Snap shot by Michael Rasmussen.
11:29 of 3rd period - Stopped by Kevin Lankinen without a rebound.
11:30 of 3rd period - Rasmus Kupari wins face-off versus Lucas Wallmarkk in Phantoms zone.
11:45 of 3rd period - Slapshot by Joe Snively.
11:45 of 3rd period - Shot Blocked by Jeremy Lauzon.
12:08 of 3rd period - Minor Penalty to Anthony Richard for Holding.
12:09 of 3rd period - Lucas Wallmarkk wins face-off versus Trent Frederic in Thunderbirds zone.
12:12 of 3rd period - Snap shot by Lucas Wallmarkk.
12:12 of 3rd period - Stopped by Emil Larmi with a rebound.
12:14 of 3rd period - Wrist shot by Joe Snively.
12:14 of 3rd period - Shot Misses the Net.
12:16 of 3rd period - Snap shot by Lucas Wallmarkk.
12:16 of 3rd period - Deflect By Morgan Klimchuk.
12:16 of 3rd period - Stopped by Emil Larmi without a rebound.
12:17 of 3rd period - Lucas Wallmarkk wins face-off versus Trent Frederic in Thunderbirds zone.
12:24 of 3rd period - Snap shot by Lucas Wallmarkk.
12:24 of 3rd period - Goal by Lucas Wallmarkk - Thunderbirds : 1 - Phantoms : 5.
12:25 of 3rd period - Lucas Wallmarkk wins face-off versus Joachim Blichfeld in neutral zone.
12:32 of 3rd period - Slapshot by Morgan Klimchuk.
12:32 of 3rd period - Stopped by Emil Larmi without a rebound.
12:33 of 3rd period - Joachim Blichfeld wins face-off versus Lucas Wallmarkk in Thunderbirds zone.
13:07 of 3rd period - Slapshot by Joachim Blichfeld.
13:07 of 3rd period - Shot Blocked by Morgan Klimchuk.
13:09 of 3rd period - Wrist shot by Rasmus Kupari.
13:09 of 3rd period - Stopped by Kevin Lankinen with a rebound.
13:11 of 3rd period - Slapshot by Dylan Blujus.
13:11 of 3rd period - Stopped by Kevin Lankinen with a rebound.
13:27 of 3rd period - Slapshot by Pierre Engvall.
13:27 of 3rd period - Deflect By Joachim Blichfeld.
13:27 of 3rd period - Stopped by Kevin Lankinen without a rebound.
13:28 of 3rd period - Cristoval Nieves wins face-off versus Anthony Richard in Phantoms zone.
13:35 of 3rd period - Snap shot by Cristoval Nieves.
13:35 of 3rd period - Stopped by Emil Larmi without a rebound.
13:36 of 3rd period - Cristoval Nieves wins face-off versus Anthony Richard in Thunderbirds zone.
13:41 of 3rd period - Slapshot by Cristoval Nieves.
13:41 of 3rd period - Stopped by Emil Larmi with a rebound.
13:43 of 3rd period - Snap shot by Rinat Valiev.
13:43 of 3rd period - Shot Blocked by Jeremy Lauzon.
13:45 of 3rd period - Wrist shot by Cristoval Nieves.
13:45 of 3rd period - Shot Misses the Net.
13:53 of 3rd period - Michael Rasmussen is hit by Cristoval Nieves and loses puck.
14:00 of 3rd period - Snap shot by Cristoval Nieves.
14:00 of 3rd period - Stopped by Emil Larmi with a rebound.
14:27 of 3rd period - Slapshot by Rem Pitlick.
14:27 of 3rd period - Stopped by Emil Larmi with a rebound.
14:29 of 3rd period - Snap shot by J.T. Brown.
14:29 of 3rd period - Stopped by Emil Larmi with a rebound.
14:31 of 3rd period - Slapshot by Rinat Valiev.
14:31 of 3rd period - Shot Misses the Net.
14:33 of 3rd period - Slapshot by Andrey Pedan.
14:33 of 3rd period - Stopped by Emil Larmi without a rebound.
14:34 of 3rd period - Lucas Wallmarkk wins face-off versus Rasmus Kupari in Thunderbirds zone.
14:51 of 3rd period - Wrist shot by Lucas Wallmarkk.
14:51 of 3rd period - Shot Blocked by Matt Roy.
15:01 of 3rd period - Mikko Lehtonen is hit by Matt Roy and loses puck.
15:30 of 3rd period - Snap shot by Laurent Dauphin.
15:30 of 3rd period - Stopped by Emil Larmi with a rebound.
15:55 of 3rd period - Snap shot by Joachim Blichfeld.
15:55 of 3rd period - Shot Misses the Net.
16:09 of 3rd period - Off-side.
16:10 of 3rd period - Dylan Sikura wins face-off versus Lucas Wallmarkk in neutral zone.
16:32 of 3rd period - Icing by Andrey Pedan.
16:33 of 3rd period - Lucas Wallmarkk wins face-off versus Emil Bemstrom in Phantoms zone.
16:33 of 3rd period - Lucas Wallmarkk is hit by Frederic Allard.
16:45 of 3rd period - Slapshot by Artturi Lehkonen.
16:45 of 3rd period - Deflect By Rem Pitlick.
16:45 of 3rd period - Stopped by Kevin Lankinen without a rebound.
16:46 of 3rd period - Lucas Wallmarkk wins face-off versus Rasmus Kupari in Phantoms zone.
17:13 of 3rd period - Rem Pitlick is hit by Anthony Richard.
18:01 of 3rd period - Snap shot by Dylan Sikura.
18:01 of 3rd period - Deflect By Anthony Richard.
18:01 of 3rd period - Stopped by Kevin Lankinen without a rebound.
18:01 of 3rd period - Minor Penalty to Kevin Lankinen for Slashing.
18:02 of 3rd period - Trent Frederic wins face-off versus Morgan Klimchuk in Phantoms zone.
Goals for this period are 0 for Thunderbirds vs 2 for Phantoms.
Shots for this period are 15 for Thunderbirds vs 21 for Phantoms.